 Dungeon Crawl Stone Soup version 0.17-b1-15-g0f5fb43 (webtiles) character file.

399 Eucla the Chopper (level 6, 0/82 HPs)
             Began as a Minotaur Gladiator on Nov 7, 2015.
             Succumbed to a worker ant's poison
             ... on level 4 of the Dungeon.
             The game lasted 00:05:11 (3214 turns).

Eucla the Chopper (Minotaur Gladiator)              Turns: 3214, Time: 00:05:11

Health: 0/82       AC: 23    Str: 24    XL:     6   Next: 53%
Magic:  5/5        EV:  2    Int:  5    God:
Gold:   150        SH:  0    Dex: 13    Spells: 0 memorised, 5 levels left

rFire  . . .     SeeInvis .     a - +0 war axe
rCold  . . .     Clarity  .     (armour currently unavailable)
rNeg   + + +     SustAt   .     (no shield)
rPois  +         Gourm    .     (helmet currently unavailable)
rElec  .         Spirit   .     (cloak currently unavailable)
rCorr  .         Warding  .     (gloves currently unavailable)
rMut   .         NoTele   +     (boots currently unavailable)
MR     .....                    (no amulet)
Stlth  +.........               (no ring)
                                f - ring of wizardry

@: mighty, lethally poisoned (0 -> -1), tree-form, not resistant to hostile
enchantments, very unstealthy
A: (retaliatory headbutt), (horns 0)
a: no special abilities


You were on level 4 of the Dungeon.
You were not hungry.
You were a tree.
You visited 1 branch of the dungeon, and saw 4 of its levels.

You collected 150 gold pieces.

Inventory:

Hand Weapons
 a - a +0 war axe (weapon)
Missiles
 d - 3 throwing nets (quivered)
Armour
 b - a +0 leather armour
 c - a +0 hat (melded)
 o - a +0 scale mail (melded)
 u - a +2 cloak (melded)
Jewellery
 f - a ring of wizardry (left branch)
Wands
 i - a wand of invisibility (4)
Scrolls
 g - 4 scrolls of enchant armour {unknown}
 h - a scroll of noise {unknown}
 j - 3 scrolls of recharging {unknown}
 k - 2 scrolls of enchant weapon {unknown}
 m - a scroll of immolation {unknown}
 n - 4 scrolls of fog {unknown}
 p - 2 scrolls of remove curse {unknown}
 r - a scroll of teleportation {unknown}
 s - a scroll of amnesia {unknown}
 t - 3 scrolls of random uselessness {unknown}
 w - 4 scrolls of identify {unknown}
Comestibles
 e - 4 bread rations
 v - a meat ration


   Skills:
 + Level 4.8 Fighting
 + Level 5.4 Axes
 - Level 2.0 Throwing
 + Level 3.5 Armour
 + Level 4.9 Dodging


You had 5 spell levels left.
You didn't know any spells.

Dungeon Overview and Level Annotations

Branches:
Dungeon (4/15)
 Temple: D:4-7

Altars:


Innate Abilities, Weirdness & Mutations

((You reflexively headbutt those who attack you in melee.))
((You have a pair of horns on your head.))


Message History

Your +2 cloak melds into your body.
Your +0 hat melds into your body.
Your +0 scale mail melds into your body.
Your roots penetrate the ground.
The iguana bites you but does no damage.
Drink which item? (? for menu, Esc to quit)
It was a potion of flight.
Your roots keep you in place.
* * * LOW HITPOINT WARNING * * *
You feel sick.
The iguana bites you but does no damage.
Unknown command.
Drink which item? (? for menu, Esc to quit)
It was a potion of might.
You feel very mighty all of a sudden. The iguana barely misses you.
You closely miss the iguana.
The iguana bites you but does no damage. x2
Unknown command.
You slash the iguana!
The iguana is severely wounded.
You die...

#.......................#........
##......................#........
##......##....##........#........
#.......##+#####........#.......†
#.......#.....'.........'........
##......'.....##...##..###'####..
##......#.....##'####..###.######
#.......##....##...+.............
#.......########♣..#.............
##...(........##l####..###.##....
##............##aT###..##########
.........................#
........##....##.........#
........##....##.........#
..............#..........#
..............+..........#
##.###.###....##..##....##


You could see a troll, an iguana and a worker ant.

Vanquished Creatures
  Duvessa (D:4)
  Dowan (D:3)
  An orc priest (D:4)
  A jelly (D:3)
  An orc wizard (D:3)
  2 worker ants (D:4)
  3 adders
  An ooze (D:1)
  3 worms (D:3)
  3 giant geckos
  5 orcs
  7 bats
  4 giant cockroaches
  11 hobgoblins
  3 jackals (D:3)
  5 kobolds
  A quokka (D:2)
  A ball python (D:3)
  3 giant newts
  7 goblins
  4 rats
68 creatures vanquished.

Notes
Turn   | Place    | Note
--------------------------------------------------------------
     0 | D:1      | Eucla the Minotaur Gladiator began the quest for the Orb.
     0 | D:1      | Reached XP level 1. HP: 18/18 MP: 0/0
   352 | D:1      | Reached XP level 2. HP: 18/25 MP: 1/1
   484 | D:1      | Reached skill level 4 in Axes
   995 | D:1      | Reached XP level 3. HP: 29/31 MP: 2/2
  1061 | D:2      | Reached skill level 1 in Armour
  2018 | D:3      | Reached XP level 4. HP: 21/39 MP: 3/3
  2256 | D:3      | Reached XP level 5. HP: 24/46 MP: 4/4
  2614 | D:4      | Reached skill level 5 in Axes
  2625 | D:4      | Noticed Duvessa
  2626 | D:4      | Noticed Dowan
  2642 | D:4      | Killed Duvessa
  2642 | D:4      | Reached XP level 6. HP: 23/53 MP: 5/5
  2658 | D:3      | Killed Dowan
  3148 | D:4      | Noticed a troll
  3208 | D:4      | HP: 2/55 [worker ant (5)]
  3214 | D:4      | Succumbed to a worker ant's poison

Action                   |  1- 3 |  4- 6 || total
-------------------------+-------+-------++-------
Melee: War axe           |    98 |    65 ||   163
  Use: Potion            |       |     6 ||     6
 Stab: Sleeping          |     1 |       ||     1
  Eat: Chunk             |     3 |     1 ||     4
       Royal jelly       |       |     1 ||     1
       Pizza             |       |     1 ||     1
